AoeStats
← Numen

Black Forest

506136006Analyzed
3v3 RM · 20d ago on Sep 12, 2026· 53m 32s· 6 players
Game mode
Random Map
Map size
Normal (6 player)
Population
200
Speed
Normal
Resources
Standard
Victory
Conquest
Starting age
Dark Age
Ending age
Imperial Age
RankedLock teamsTeams togetherTeam positionsShared explorationLock speedFull tech treeHidden civsTurbo modeCheats
Victory
Defeat
🇵🇱 Lithuanians · Poland
988
+15
🇵🇱 Jurchens · Poland
987
+15
🇵🇱 Byzantines · Poland
879
+46
🇦🇷 Spanish · Argentina
997
-18
🇦🇷 Japanese · Argentina
951
-46
🇪🇸 Gurjaras · Spain
951
-46
Jaceusz
12:24 Feudal Age
17:03 Castle Age
15:32 Double-Bit Axe
15:59 Horse Collar
26:44 Elite Skirmisher
33:40 Heavy Plow
33:57 Bow Saw
38:54 Imperial Age
37:42 Gold Mining
37:42 Stone Mining
38:36 Fletching
38:50 Padded Archer Armor
39:15 Forging
39:17 Scale Barding Armor
41:23 Gold Shaft Mining
43:12 Chemistry
42:38 Ballistics
42:33 Fortified Wall
42:32 Bodkin Arrow
46:22 Logistica
47:19 Leather Archer Armor
47:04 Bracer
Kacper
11:12 Feudal Age
15:38 Castle Age
13:26 Double-Bit Axe
13:24 Horse Collar
18:50 Wheelbarrow
18:24 Heavy Plow
24:52 Scale Barding Armor
26:54 Gold Mining
29:52 Chain Barding Armor
29:43 Forging
30:52 Stone Mining
34:15 Imperial Age
32:04 Hand Cart
32:26 Iron Casting
33:09 Stone Shaft Mining
32:44 Loom
33:38 Husbandry
33:48 Bloodlines
34:23 Cavalier
35:39 Plate Barding Armor
36:09 Paladin
39:13 Tower Shields
41:08 Ballistics
41:54 Chemistry
40:58 Padded Archer Armor
40:48 Fletching
42:54 Bodkin Arrow
43:14 Leather Archer Armor
46:01 Bracer
46:32 Ring Archer Armor
45:50 Treadmill Crane
46:23 Masonry
46:33 Elite Skirmisher
46:34 Crossbowman
47:19 Thumb Ring
50:33 Caravan
51:04 Coinage
50:44 Guilds
54:08 Banking
Sweet Qrka UwU
10:08 Feudal Age
14:57 Castle Age
13:45 Double-Bit Axe
16:14 Loom
17:16 Horse Collar
17:55 Bow Saw
18:13 Horse Collar
22:48 Arson
24:05 Scale Barding Armor
32:17 Wheelbarrow
32:02 Heavy Plow
32:16 Gold Mining
32:20 Stone Mining
38:14 Gold Shaft Mining
38:17 Stone Shaft Mining
42:25 Imperial Age
41:35 Hand Cart
41:06 Town Watch
41:30 Padded Archer Armor
41:42 Forging
44:42 Town Patrol
45:52 Two-Man Saw
45:41 Conscription
45:36 Thunderclap Bombs
45:46 Siege Engineers
46:02 Ballistics
46:43 Chemistry
46:02 Leather Archer Armor
46:22 Iron Casting
46:08 Chain Barding Armor
46:26 Elite Iron Pagoda
50:38 Blast Furnace
50:14 Plate Barding Armor
50:12 Ring Archer Armor
50:39 Caravan
Numen
3:38 Loom
9:31 Feudal Age
11:38 Town Watch
14:25 Double-Bit Axe
17:31 Wheelbarrow
16:55 Horse Collar
18:59 Man-at-Arms
21:59 Castle Age
24:40 Hand Cart
33:45 Fletching
39:39 Heavy Plow
40:41 Bloodlines
51:19 Forging
Izzy
2:12 Loom
11:07 Feudal Age
12:05 Double-Bit Axe
16:03 Town Watch
18:05 Man-at-Arms
19:53 Fletching
26:02 Forging
26:55 Horse Collar
30:46 Castle Age
30:08 Padded Archer Armor
30:09 Scale Mail Armor
30:38 Gold Mining
31:35 Bodkin Arrow
31:12 Pikeman
31:14 Crossbowman
33:14 Wheelbarrow
32:11 Long Swordsman
33:02 Heavy Plow
34:04 Gambesons
35:00 Thumb Ring
35:50 Gold Shaft Mining
35:32 Fervor
36:02 Iron Casting
36:32 Ballistics
36:26 Fortified Wall
36:25 Stone Mining
38:08 Sanctity
38:48 Bow Saw
39:13 Hand Cart
39:17 Leather Archer Armor
39:19 Chain Mail Armor
39:07 Squires
40:57 Town Patrol
41:15 Murder Holes
45:55 Imperial Age
49:27 Bracer
50:27 Blast Furnace
.Yearn~
2:49 Loom
12:55 Feudal Age
15:17 Horse Collar
15:27 Double-Bit Axe
22:01 Castle Age
20:44 Fletching
24:10 Heavy Plow
24:22 Bow Saw
24:16 Bodkin Arrow
27:01 Padded Archer Armor
32:14 Caravan
33:10 Leather Archer Armor
33:16 Scale Barding Armor
39:21 Imperial Age
38:01 Wheelbarrow
37:14 Town Watch
39:38 Elite Conquistador
41:27 Chemistry
42:07 Bracer
42:38 Ring Archer Armor
42:41 Hand Cart
42:26 Town Patrol
45:54 Town Patrol
48:02 Chain Barding Armor
48:09 Ballistics
50:07 Conscription
51:20 Husbandry
51:31 Bloodlines
Connection lost

Rejoining the realm…

Still unreachable

The connection could not be restored.

Session expired

The server has moved on; the page needs a fresh start.